 Dungeon Crawl Stone Soup version 0.20-a0-492-g6327889 (webtiles) character file.

146 Klosterheim the Grave Robber (level 5, -1/28 HPs)
             Began as a Deep Elf Necromancer on Jan 15, 2017.
             Slain by a phantom (9 damage)
             ... on level 4 of the Dungeon.
             The game lasted 00:09:17 (3715 turns).

Klosterheim the Grave Robber (Deep Elf Necromancer) Turns: 3715, Time: 00:09:18

Health: -1/28      AC:  2    Str:  5    XL:     5   Next: 7%
Magic:  14/14      EV: 13    Int: 21    God:
Gold:   158        SH:  3    Dex: 15    Spells: 8/13 levels left

rFire    . . .     SeeInvis .   q - +0 rapier
rCold    . . .     Gourm    .   a - +0 robe
rNeg     . . .     Faith    .   (no shield)
rPois    +         Spirit   .   (no helmet)
rElec    .         Reflect  +   (no cloak)
rCorr    .         Harm     .   (no gloves)
MR       .....                  (no boots)
Stlth    ++........             j - +3 amulet of reflection
Regen    0.0/turn               (no ring)
                                l - ring of poison resistance

@: no status effects
A: no striking features
a: no special abilities


You were on level 4 of the Dungeon.
You were not hungry.

You visited 1 branch of the dungeon, and saw 4 of its levels.

You collected 158 gold pieces.

Inventory:

Hand Weapons
 q - a +0 rapier (weapon)
Armour
 a - a +0 robe (worn)
Jewellery
 j - a +3 amulet of reflection (around neck)
 l - a ring of poison resistance (left hand)
 p - an uncursed ring of ice
Scrolls
 d - a scroll of identify
 m - a scroll of teleportation
Potions
 e - a potion of brilliance {unknown}
 f - a potion of resistance {unknown}
 g - a potion of lignification {unknown}
 i - 2 potions of heal wounds
 k - a potion of might {unknown}
Books
 b - a book of Necromancy

   Spells                             Type                      Level
   a - Pain                           Necromancy                   1
   b - Animate Skeleton               Necromancy                   1
   c - Vampiric Draining              Necromancy                   3
   d - Regeneration                   Charms/Necromancy            3
   e - Animate Dead                   Necromancy                   4
   f - Control Undead                 Necromancy                   4
Comestibles
 c - a bread ration
 h - a royal jelly
 n - a meat ration
 o - a chunk of flesh


   Skills:
 - Level 2.4 Dodging
 - Level 2.4 Stealth
 + Level 4.7 Spellcasting
 * Level 6.9 Necromancy


You had 8 spell levels left.
You knew the following spells:

 Your Spells              Type           Power        Failure   Level  Hunger
a - Pain                  Necr           ####         1%          1    None
b - Animate Dead          Necr           N/A          8%          4    ####...


Dungeon Overview and Level Annotations

Branches:
Dungeon (4/15)
 Temple: D:4-7

Altars:
Ashenzari
Cheibriados
Okawaru


Message History

Confirm with . or Enter, or press ? or * to list all spells.
You can't see any susceptible monsters within range! (Use Z to cast anyway.) Unknown command.
You hit the phantom.
The phantom is lightly damaged.
The phantom closely misses you.
You hit the phantom but do no damage.
The phantom is lightly damaged.
The phantom hits you! The phantom hits you.
You barely miss the phantom.
The phantom is lightly damaged.
The phantom hits you!
* * * LOW HITPOINT WARNING * * *
The phantom blinks!
The phantom blinks!
The phantom blinks!
The phantom blinks!
You hear the brisk rusting of a very distant drain.
The phantom hits you!
You die...

######.# #.#
.......## #.#
........# #.#
........# #.#
........# #.#
........#########.##
....>..............#
####################
#.......@.#
#.#######W# #.# #.#
#.# #.#
############.##
#.............# #
#.#############


You could see a phantom.

Vanquished Creatures
  Natasha (D:3)
  6 adders
  An ooze (D:3)
  A dart slug (D:2)
  A leopard gecko (D:3)
  2 orcs
  6 bats
  5 giant cockroaches
  7 goblins
  8 hobgoblins
  2 jackals (D:2)
  2 quokkas
  A ball python (D:2)
  8 frilled lizards
  5 kobolds
  4 rats
60 creatures vanquished.

Notes
Turn   | Place    | Note
-------+----------+-------------------------------------------
     0 | D:1      | Klosterheim the Deep Elf Necromancer began the quest for the Orb.
     0 | D:1      | Reached XP level 1. HP: 10/10 MP: 6/6
   485 | D:1      | Reached skill level 5 in Necromancy
   747 | D:1      | Reached XP level 2. HP: 15/15 MP: 6/8
  1364 | D:2      | Reached XP level 3. HP: 18/19 MP: 7/10
  1725 | D:2      | Reached skill level 6 in Necromancy
  1855 | D:2      | Reached XP level 4. HP: 23/24 MP: 9/12
  1906 | D:2      | Found a snail-covered altar of Cheibriados.
  1987 | D:2      | Found an iron altar of Okawaru.
  2410 | D:3      | Learned a level 4 spell: Animate Dead
  2489 | D:3      | Noticed Natasha
  2492 | D:3      | Killed Natasha
  3535 | D:4      | Reached XP level 5. HP: 15/28 MP: 4/14
  3611 | D:4      | Found a shattered altar of Ashenzari.
  3696 | D:4      | Noticed a phantom
  3715 | D:4      | Slain by a phantom

Vault maps used:
D:1:      lightli_arrival_statue_moat
D:2:      cheibriados_altar_1, minmay_tree_intersection,
          okawaru_ov_weapons_minmay
D:3:      uniq_natasha
D:4:      ashenzari_conservatory_becter, portal_sewer_entry_e, first_bread

Skill      XL: |  1  2  3 |
---------------+----------+-----
Necromancy     | 5 6 |  6.9
Spellcasting   | 4 |  4.7
Dodging        | |  2.4
Stealth        | |  2.4

Action                   |  1- 3 |  4- 6 || total
-------------------------+-------+-------++-------
Melee: Dagger            |     2 |    19 ||    21
       Unarmed           |     1 |       ||     1
       Rapier            |       |     3 ||     3
 Cast: Pain              |    52 |    53 ||   105
  Use: Scroll            |     5 |     1 ||     6
 Stab: Sleeping          |       |     1 ||     1
  Eat: Chunk             |     3 |     5 ||     8
Armor: Robe              |     3 |     1 ||     4
Dodge: Dodged            |     5 |    16 ||    21
Block: Other             |       |     2 ||     2
